 Dungeon Crawl Stone Soup version 0.22.0-18-ge075c0d (webtiles) character file.

3764 Amnesiac the Zephyrmancer (level 9, -3/57 HPs)
             Began as a Mummy Air Elementalist on Aug 18, 2018.
             Was a Priest of Vehumet.
             Slain by an unseen horror (9 damage)
             ... on level 8 of the Dungeon.
             The game lasted 00:14:31 (7278 turns).

Amnesiac the Zephyrmancer (Mummy Air Elementalist)  Turns: 7278, Time: 00:14:32

Health: -3/57      AC:  9    Str: 12    XL:     9   Next: 94%
Magic:  10/21      EV: 26    Int: 17    God:    Vehumet [***...]
Gold:   369        SH:  0    Dex:  8    Spells: 12/24 levels left

rFire    . . .     SeeInvis +   b - +5 quarterstaff of Mayhem {flame, +Blink Dex-4 SInv Stlth+}
rCold    + . .     Gourm    .   (shield currently unavailable)
rNeg     + + +     Faith    .   e - +0 leather armour {rF+}
rPois    ∞         Spirit   .   (no helmet)
rElec    .         Reflect  .   n - +2 cloak {rPois}
rCorr    .         Harm     .   g - +2 pair of gloves
MR       +....                  (no boots)
Stlth    +++.......             s - amulet of the acrobat
HPRegen  0.19/turn              o - ring of stealth
MPRegen  0.17/turn              (no ring)

@: no status effects
A: no food or potions, fire vulnerability, cold resistance 1, negative energy
resistance 3, torment resistance, unbreathing
a: Renounce Religion, Evoke Blink


You were on level 8 of the Dungeon.
You worshipped Vehumet.
Vehumet was most pleased with you.
You were not hungry.

You visited 2 branches of the dungeon, and saw 9 of its levels.

You collected 369 gold pieces.

Inventory:

Hand Weapons
 a - a +4 hunting sling of freezing
 b - the +5 quarterstaff of Mayhem (weapon) {flame, +Blink Dex-4 SInv Stlth+}
   (You took it off a goblin on level 6 of the Dungeon)

   It has been specially enchanted to burn those struck by it, causing extra
   injury to most foes and up to half again as much damage against particularly
   susceptible opponents.
   It affects your dexterity (-4).
   It lets you see invisible.
   It lets you blink.
   It makes you more stealthy.
Missiles
 i - 6 sling bullets
 j - 198 stones (quivered)
Armour
 e - a +0 leather armour of fire resistance (worn)
 g - a +2 pair of gloves (worn)
 n - a +2 cloak of poison resistance (worn)
Jewellery
 o - a ring of stealth (left hand)
 p - an uncursed ring of fire
 s - an amulet of the acrobat (around neck)
 w - an uncursed ring of flight
Wands
 f - a wand of iceblast (8)
 h - a wand of acid (7)
Scrolls
 c - 4 scrolls of remove curse {!r}
 k - 6 scrolls of teleportation {!r}
 l - 2 scrolls of blinking {!r}
 m - 4 scrolls of identify {!r}
 r - a scroll of amnesia {!r}
 u - a scroll of fog {!r}


   Skills:
 - Level 1.5 Dodging
 - Level 1.5 Stealth
 - Level 8.0 Spellcasting
 + Level 7.7 Conjurations
 - Level 8.0 Air Magic


You had 12 spell levels left.
You knew the following spells:

 Your Spells              Type           Power        Failure   Level  Hunger
a - Airstrike             Air            ####......   1%          4    N/A
d - Lightning Bolt        Conj/Air       ####......   4%          5    N/A
e - Shock                 Conj/Air       ####         1%          1    N/A
z - Swiftness             Chrm/Air       ###.....     3%          2    N/A

Your spell library contained the following spells:

 Spells                   Type           Power        Failure   Level  Hunger
 Sticky Flame             Conj/Fire      ###.....     7%          4    N/A
 Static Discharge         Conj/Air       ####....     1%          3    N/A

Dungeon Overview and Level Annotations

Branches:
Dungeon (8/15)             Temple (1/1) D:4
   Lair: D:8-11

Altars:
Ashenzari
Cheibriados
Dithmenos
Elyvilon
Fedhas
Gozag
Hepliaklqana
Kikubaaqudgha
Makhleb
Nemelex Xobeh
Okawaru
Qazlal
Ru
Sif Muna
Trog
Uskayaw
Vehumet
Wu Jian
Xom
Yredelemnul
Zin
The Shining One

Annotations:
D:8 Lilu's ghost, journeyman DECj


Innate Abilities, Weirdness & Mutations

You do not eat or drink.
Your flesh is vulnerable to fire.
You are immune to poison.
Your flesh is cold resistant. (rC+)
You are immune to negative energy. (rN+++)
You are immune to unholy pain and torment.
You can survive without breathing.


Message History

Aiming: Airstrike (safe; 1% risk of failure)
Press: ? - help, Dir - move target cursor, f/p - gargoyle
Aim: a gargoyle, wielding a dire flail (severely damaged)
The air twists around and violently strikes the gargoyle!
The gargoyle is almost destroyed.
Lilu's ghost hits you but does no damage.
The gargoyle hurls a stone arrow at you.
The stone arrow misses you.
Casting: Airstrike (safe; 1% risk of failure)
Confirm with . or Enter, or press ? or * to list all spells.
Aiming: Airstrike (safe; 1% risk of failure)
Press: ? - help, Dir - move target cursor, f/p - gargoyle
Aim: a gargoyle, wielding a dire flail (almost destroyed)
The air twists around and violently strikes the gargoyle!
You destroy the gargoyle!
Vehumet accepts your kill.
You feel your power returning. Something hits you but does no damage.
Deactivating autopickup; reactivate with Ctrl-A.
Lilu's ghost hits you. The scorpion stings you.
Something hits you but does no damage. Something hits you but does no damage.
Your +4 hunting sling of freezing stops glowing.
Reactivating autopickup.
The +5 quarterstaff of Mayhem {flame, +Blink Dex-4 SInv Stlth+} bursts into flame!
b - the +5 quarterstaff of Mayhem (weapon)
{flame, +Blink Dex-4 SInv Stlth+} The unseen horror misses you.
The unseen horror misses you. The unseen horror hits you.
The unseen horror misses you.
Lilu's ghost whispers, "Death doesn't hurt.
What you feel is life." The unseen horror misses you.
The bullfrog skeleton closely misses you.
The unseen horror hits you!
The unseen horror hits you but does no damage.
Lilu's ghost gestures at you while chanting.
The magic dart hits you!
The unseen horror completely misses you.
You hit the unseen horror but do no damage.
The unseen horror hits you but does no damage.
The unseen horror hits you.
The bullfrog skeleton barely misses you.
The unseen horror barely misses you.
Lilu's ghost says, "What do you have that I didn't have?"
Lilu's ghost points at you and mumbles some strange words.
The orb of energy hits the bullfrog skeleton.
The bullfrog skeleton is destroyed!
The orb of energy explodes!
The mystic blast hits you!
* * * LOW HITPOINT WARNING * * *
The unseen horror closely misses you.
Unknown command.
The unseen horror closely misses you. The unseen horror closely misses you.
The unseen horror hits you but does no damage.
The unseen horror hits you but does no damage.
The unseen horror closely misses you.
The unseen horror completely misses you.
The unseen horror closely misses you. The unseen horror hits you!
* * * LOW HITPOINT WARNING * * *
The unseen horror hits you but does no damage.
The unseen horror hits you.
* * * LOW HITPOINT WARNING * * *
The unseen horror hits you!
You die...

.....................## ##..
..................>...# ##.
............#####.....# ##
.....###.....####.....### #
....## ##.....##........## ##
...## ###....#...##....### ##.
...# ##......#####....####.. ..##
##.....# ###.......# ..## #...@##
###....## ...# ##..x# ##..##
...## ### ##.## ###..# ....#
#.### #..# ###....### #...###...#
##..# #####.......#.
##...###.#####...###.............
.#...###...#..............#....#.
##.......W.............####...##.
#........O.....#.............####


You could see an unseen horror (invisible).

Vanquished Creatures
  An ugly thing (D:8)
  A gargoyle (D:8)
  A centaur skeleton (D:8)
  2 hippogriffs
  Sigmund (D:3)
  2 orc warriors
  A sky beast (D:6)
  A black bear (D:5)
  2 ice beasts (D:7)
  2 ogres (D:6)
  2 centaurs
  3 bullfrogs
  A wyvern zombie (D:8)
  2 scorpions (D:5)
  2 lava snakes (D:8)
  2 crimson imps
  A bullfrog zombie (D:7)
  3 hounds
  A jelly (D:5)
  Crazy Yiuf (D:2)
  2 bullfrog skeletons
  An orc priest (D:6)
  4 orc wizards
  Ijyb (D:4)
  2 iguanas
  3 worker ants
  6 gnolls
  17 adders
  2 shadow imps
  2 worms
  3 dart slugs (D:1)
  4 leopard geckos
  16 orcs
  8 bats
  9 giant cockroaches
  2 gnoll zombies (D:3)
  4 hobgoblins
  11 jackals
  5 kobolds
  3 quokkas
  2 ball pythons (D:2)
  7 frilled lizards
  15 goblins
  2 jackal skeletons
  A leopard gecko skeleton (D:7)
  A leopard gecko zombie (D:8)
  12 rats
177 creatures vanquished.

Vanquished Creatures (others)
  A bullfrog skeleton (D:8)
1 creature vanquished.

Grand Total: 178 creatures vanquished

Notes
Turn   | Place    | Note
-------+----------+-------------------------------------------
     0 | D:1      | Amnesiac the Mummy Air Elementalist began the quest for the Orb.
     0 | D:1      | Reached XP level 1. HP: 13/13 MP: 4/4
   477 | D:2      | Reached XP level 2. HP: 19/19 MP: 2/5
   487 | D:2      | Learned a level 2 spell: Swiftness
   512 | D:3      | Found a glowing golden altar of the Shining One.
   515 | D:3      | Reached skill level 1 in Conjurations
   543 | D:3      | Noticed Sigmund
   557 | D:4      | Reached XP level 3. HP: 5/24 MP: 0/7
   751 | D:4      | Got a translucent cloak
   759 | D:4      | Identified the +5 cloak of Experimentation {-Tele Dex+4 SInv} (You found it on level 4 of the Dungeon)
   765 | D:5      | Entered Level 5 of the Dungeon
   813 | D:4      | Noticed Ijyb
   880 | D:5      | Noticed a scorpion
   894 | D:5      | Killed a scorpion
   894 | D:5      | Reached XP level 4. HP: 17/30 MP: 7/9
   900 | D:5      | Learned a level 4 spell: Airstrike
   980 | D:5      | Reached XP level 5. HP: 13/35 MP: 3/10
  1174 | D:5      | Found a glowing drain.
  1187 | D:5      | Noticed a black bear
  1212 | D:5      | Killed a black bear
  1212 | D:5      | Reached XP level 6. HP: 13/41 MP: 2/12
  1294 | D:4      | Found a staircase to the Ecumenical Temple.
  1299 | Temple   | Entered the Ecumenical Temple
  1616 | Temple   | Became a worshipper of Vehumet
  1752 | D:4      | Killed Ijyb
  1793 | D:3      | Killed Sigmund
  1793 | D:3      | Reached skill level 5 in Spellcasting
  1793 | D:3      | Reached skill level 5 in Air Magic
  1793 | D:3      | Reached XP level 7. HP: 29/46 MP: 5/14
  2654 | D:2      | Reached * piety under Vehumet
  2654 | D:2      | Offered knowledge of Magic Dart by Vehumet.
  2829 | D:2      | Found a shadowy altar of Dithmenos.
  2920 | D:2      | Found a runed door.
  3119 | D:2      | Found a blossoming altar of Fedhas.
  3231 | D:2      | Found a shimmering altar of Xom.
  3373 | D:2      | Noticed Crazy Yiuf
  3382 | D:2      | Killed Crazy Yiuf
  3553 | D:3      | Found a hide-covered altar of Uskayaw.
  3789 | D:3      | Found a sparkling altar of Nemelex Xobeh.
  3903 | D:3      | Found a basalt altar of Yredelemnul.
  4007 | D:4      | Found an iron altar of Okawaru.
  4420 | D:4      | Found a white marble altar of Elyvilon.
  4575 | D:6      | Noticed a hippogriff
  4581 | D:6      | Killed a hippogriff
  4581 | D:6      | Offered knowledge of Freeze by Vehumet.
  4601 | D:6      | Reached ** piety under Vehumet
  4602 | D:6      | Reached XP level 8. HP: 39/52 MP: 5/17
  4784 | D:6      | Got a pitted quarterstaff {flame}
  5294 | D:6      | Offered knowledge of Inner Flame by Vehumet.
  5302 | D:6      | Identified the +5 quarterstaff of Mayhem {flame, +Blink Dex-4 SInv Stlth+} (You took it off a goblin on level 6 of the Dungeon)
  5451 | D:7      | Noticed a hippogriff
  5470 | D:7      | Killed a hippogriff
  5470 | D:7      | Reached XP level 9. HP: 44/57 MP: 1/20
  5698 | D:7      | Reached skill level 5 in Conjurations
  5699 | D:7      | Reached *** piety under Vehumet
  5848 | D:7      | Found a deep blue altar of Sif Muna.
  6135 | D:8      | Noticed a gargoyle
  6141 | D:8      | Found a runed gate.
  6141 | D:8      | Found a runed gate.
  6141 | D:8      | Found a runed gate.
  6161 | D:8      | Noticed an unseen horror
  6172 | D:8      | Noticed Lilu's ghost (journeyman DECj)
  6184 | D:8      | Noticed a white ugly thing
  6223 | D:8      | Learned a level 5 spell: Lightning Bolt
  6342 | D:8      | Offered knowledge of Sticky Flame by Vehumet.
  6608 | D:8      | Killed a white ugly thing
  7257 | D:8      | Killed a gargoyle
  7278 | D:8      | Slain by an unseen horror

Skill      XL: |  1  2  3  4  5  6  7  8  9 |
---------------+----------------------------+-----
Conjurations   | 1 2 3 4 7 |  7.7
Spellcasting   | 3 4 5 6 7 8 |  8.0
Air Magic      | 3 4 5 6 7 8 |  8.0
Dodging        | |  1.5
Stealth        | |  1.5

Action                   |  1- 3 |  4- 6 |  7- 9 || total
-------------------------+-------+-------+-------++-------
Melee: Dagger            |     5 |    11 |    19 ||    35
       Quarterstaff      |       |       |     1 ||     1
 Fire: Hunting sling     |       |       |   294 ||   294
 Cast: Shock             |    18 |    41 |   100 ||   159
       Swiftness         |       |     1 |       ||     1
       Airstrike         |       |       |    43 ||    43
       Lightning Bolt    |       |       |     3 ||     3
Evoke: Wand              |       |     1 |     5 ||     6
  Use: Scroll            |     1 |     4 |    12 ||    17
Armor: Robe              |     3 |       |       ||     3
       Leather armour    |       |    20 |    85 ||   105
Dodge: Dodged            |    23 |    30 |   156 ||   209
